 Dungeon Crawl Stone Soup version 0.19.4 (webtiles) character file.

499 Jerry the Skirmisher (level 7, -16/57 HPs)
             Began as a Vine Stalker Fighter on Jan 30, 2017.
             Engulfed by a cloud of flame (25 damage)
             ... on level 4 of the Dungeon.
             The game lasted 00:10:09 (2738 turns).

Jerry the Skirmisher (Vine Stalker Fighter)         Turns: 2738, Time: 00:10:10

Health: -16/57     AC: 23    Str: 19    XL:     7   Next: 16%
Magic:  0/8        EV:  2    Int:  8    God:
Gold:   203        SH: 10    Dex: 15    Spells: 0 memorised, 6 levels left

rFire  . . .     SeeInvis .     a - +0 rapier
rCold  . . .     Gourm    .     (armour currently unavailable)
rNeg   + + +     Faith    .     c - +0 shield
rPois  +         Spirit   +     (helmet currently unavailable)
rElec  .         Reflect  .     (cloak currently unavailable)
rCorr  .         Harm     .     (gloves currently unavailable)
MR     .....     NoTele   +     (boots currently unavailable)
Stlth  +.........               (no amulet)
                                (no ring)
                                (no ring)

@: tree-form
A: (fangs 0), regeneration 1, magic shield, (antimagic bite), no device heal 3,
rot immunity
a: no special abilities


You were on level 4 of the Dungeon.
You were not hungry.
You were a tree.
You visited 1 branch of the dungeon, and saw 4 of its levels.

You collected 203 gold pieces.

Inventory:

Hand Weapons
 a - a +0 rapier (weapon)
Armour
 b - a +0 scale mail
 c - a +0 shield (worn)
 d - a +0 ring mail of cold resistance (melded)
Scrolls
 e - a scroll of immolation
 k - 3 scrolls of identify
 q - 2 scrolls of remove curse {unknown}
 r - a scroll of noise {unknown}
 t - a scroll of enchant armour {unknown}
 u - a scroll of teleportation {unknown}
Potions
 h - 2 potions of degeneration {unknown}
 j - a potion of heal wounds {unknown}
 l - a potion of resistance {unknown}
 m - a potion of agility {unknown}
 n - a potion of berserk rage {unknown}
 p - a potion of haste {unknown}
 s - a potion of flight {unknown}
Comestibles
 f - 2 bread rations
 i - 2 chunks of flesh
 o - a slice of pizza


   Skills:
 + Level 4.3 Fighting
 + Level 3.6 Short Blades
 + Level 3.9 Armour
 + Level 4.1 Shields


You had 6 spell levels left.
You didn't know any spells.

Dungeon Overview and Level Annotations

Branches:
Dungeon (4/15)
 Temple: D:4-7

Altars:
Kikubaaqudgha
Nemelex Xobeh


Innate Abilities, Weirdness & Mutations

((You have extremely sharp teeth.))
Your natural rate of healing is unusually fast.
When hurt, damage is shared between your health and your magic reserves.
((Your bite disrupts and absorbs the magic of your enemies.))
Potions and wands cannot restore your health.
You are immune to rotting.


Message History

The magic dart hits you! Naow's ghost hits you.
You hit Naow's ghost.
Naow's ghost is almost destroyed.
Naow's ghost hits you but does no damage.
You closely miss Naow's ghost.
Naow's ghost is almost destroyed.
Naow's ghost hits you but does no damage.
Your shield prevents you from hitting Naow's ghost.
Naow's ghost is almost destroyed.
Naow's ghost casts a spell at you. The magic dart hits you!
You puncture Naow's ghost!
Naow's ghost explodes!
The fiery explosion engulfs you!
Ouch! That really hurt!
* * * LOW HITPOINT WARNING * * *
Your Shields skill increases to level 4!
You have reached level 7!
You are engulfed in roaring flames.
You die...

#.............# ########
#.............# #......#
#.............#
#..$...####.............########
#......+..............<.........
#......#########'###############
#......##.......................
#...÷..#.......#§###############
##......#.......♣.§............#
........'........§..##########.##
##......#...#####.#.## ######...
........#...#####.#..####........
##+###..........................>
#..#...#####.#..............
#......# #.#..............
#......# #................
#...##.# ###.#............


There were no monsters in sight!

Vanquished Creatures
  The ghost of Naow the Conjurer, an amateur DECj (D:4)
  2 hounds
  2 orc wizards (D:3)
  An iguana (D:4)
  Terence (D:1)
  Natasha (twice) (D:4)
  A worker ant (D:4)
  Robin (D:3)
  5 worms
  2 dart slugs
  3 leopard geckos
  3 orcs (D:3)
  A ball python (D:3)
  5 giant cockroaches
  19 goblins
  7 hobgoblins
  A jackal (D:2)
  4 kobolds
  6 bats
  4 frilled lizards
  12 rats
83 creatures vanquished.

Vanquished Creatures (others)
  2 jackals (D:2)
  A ball python (D:2)
  A rat (D:2)
4 creatures vanquished.

Grand Total: 87 creatures vanquished

Notes
Turn   | Place    | Note
-------+----------+-------------------------------------------
     0 | D:1      | Jerry the Vine Stalker Fighter began the quest for the Orb.
     0 | D:1      | Reached XP level 1. HP: 11/11 MP: 2/2
   231 | D:1      | Reached XP level 2. HP: 14/16 MP: 3/3
   862 | D:2      | Noticed Terence
   876 | D:1      | Reached XP level 3. HP: 7/20 MP: 4/4
   884 | D:1      | Killed Terence
  1255 | D:2      | Gained mutation: Your natural rate of healing is unusually fast. [Vine Stalker growth]
  1255 | D:2      | Reached XP level 4. HP: 24/24 MP: 5/5
  1386 | D:2      | Found an ancient bone altar of Kikubaaqudgha.
  1845 | D:3      | Reached XP level 5. HP: 19/28 MP: 6/6
  2066 | D:3      | Found a sparkling altar of Nemelex Xobeh.
  2106 | D:3      | Noticed Robin
  2135 | D:3      | Killed Robin
  2499 | D:4      | Reached XP level 6. HP: 30/33 MP: 7/7
  2596 | D:4      | Noticed Natasha
  2681 | D:4      | Killed Natasha
  2689 | D:4      | Noticed Natasha
  2699 | D:4      | Killed Natasha
  2715 | D:4      | Noticed Naow's ghost (amateur DECj)
  2738 | D:4      | Killed Naow's ghost
  2738 | D:4      | Reached XP level 7. HP: 9/38 MP: 1/8
  2738 | D:4      | Engulfed by a cloud of flame

Skill      XL: |  1  2  3  4  5  6 |
---------------+-------------------+-----
Short Blades   | 2 3 |  3.6
Shields        | 3 4 |  4.1
Fighting       | 3 4 |  4.3
Armour         | 3 |  3.9

Action                   |  1- 3 |  4- 6 |  7- 9 || total
-------------------------+-------+-------+-------++-------
Melee: Rapier            |    85 |   198 |       ||   283
       Bite              |    26 |    66 |       ||    92
       Unarmed           |       |    18 |       ||    18
  Use: Potion            |     1 |     1 |       ||     2
       Scroll            |       |     2 |       ||     2
  Eat: Chunk             |     1 |     5 |       ||     6
Armor: Scale mail        |    22 |       |       ||    22
       Ring mail         |    13 |    29 |       ||    42
       Skin              |       |    10 |       ||    10
Dodge: Dodged            |    31 |    60 |       ||    91
Block: Shield            |    53 |    73 |       ||   126
